 Dungeon Crawl Stone Soup version 0.18.1-50-g88ac8fd (webtiles) character file.

1086351 RepoMan the Axe Maniac (level 27, -11/224 HPs)
             Began as a Formicid Fighter on Sept 23, 2016.
             Was the Champion of the Shining One.
             Killed from afar by Antaeus (53 damage)
             ... with a bolt of lightning
             ... on level 7 of Cocytus on Sept 25, 2016.
             The game lasted 14:59:28 (98360 turns).

RepoMan the Axe Maniac (Formicid Fighter)          Turns: 98360, Time: 14:59:28

Health: -11/224    AC: 37    Str: 27      XL:     27
Magic:  8/40       EV: 21    Int:  9 (11) God:    the Shining One [******]
Gold:   13657      SH: 43    Dex: 16      Spells: 0 memorised, 26 levels left

rFire  . . .     SeeInvis +     e - +8 frozen axe "Frostbite" {freezing cloud, *Noise +Fly rC+}
rCold  + + +     Gourm    .     E - +8 plate armour of the Countless Lies {rC+ Int+3}
rNeg   + + +     Faith    .     B - +0 large shield
rPois  +         Spirit   .     (helmet unavailable)
rElec  .         Dismiss  .     g - +2 cloak {MR+}
rCorr  .         Reflect  .     u - +1 pair of gloves {Str+3}
SustAt +         Harm     .     P - +2 pair of boots {Fly}
MR     +++++                    T - amulet "Ucwigid" {+Rage rPois rN+ MR++ Int+2}
Stlth  ..........               q - ring of protection from cold
                                Z - ring of sustain attributes

@: divine shield, frozen, flying, glowing, very slow, almost entirely resistant
to hostile enchantments, extremely unstealthy
A: permanent stasis, dig shafts and tunnels, four strong arms, antennae 3,
molten scales 1, blurry vision 2, clumsy 1, deformed body, dopey 2, frail 1,
subdued magic 1, MP-powered wands, sturdy frame 1
a: Dig, Shaft Self, Divine Shield, Cleansing Flame, Summon Divine Warrior, Brand
Weapon With Holy Wrath, Renounce Religion, Stop Flying
}: 8/15 runes: decaying, serpentine, slimy, silver, golden, iron, obsidian, bone


You were on level 7 of Cocytus.
You worshipped the Shining One.
The Shining One was exalted by your worship.
You were hungry.

You visited 18 branches of the dungeon, and saw 91 of its levels.
You visited the Abyss 6 times.
You also visited: Labyrinth, Trove and Volcano.

You collected 17623 gold pieces.
You spent 3966 gold pieces at shops.

Inventory:

Hand Weapons
 e - the +8 frozen axe "Frostbite" (weapon) {freezing cloud, *Noise +Fly rC+}
   (You acquired it on level 2 of the Orcish Mines)

   It has been specially enchanted to freeze those struck by it, causing extra
   injury to most foes and up to half again as much damage against particularly
   susceptible opponents.
   It can also slow down cold-blooded creatures.
   It protects you from cold.
   It lets you fly.
   It may make noises in combat.
 s - the +9 heavy crossbow "Sniper" {velocity, nevermiss, SInv}
   (You found it on level 2 of the Vaults)

   Any bolt fired from it inflicts extra damage.
   It lets you see invisible.
Missiles
 i - 2136 bolts
Armour
 g - a +2 cloak of magic resistance (worn)
 u - a +1 pair of gloves of strength (worn)
 B - a +0 large shield (worn)
 E - the +8 plate armour of the Countless Lies (worn) {rC+ Int+3}
   (You found it on level 7 of the Iron City of Dis)

   It affects your intelligence (+3).
   It protects you from cold.
 P - a +2 pair of boots of flying (worn)
Jewellery
 a - an uncursed ring of resist corrosion
 q - a ring of protection from cold (right hand)
 M - the ring "Laedeh" {rF+ rN+ Str+8 Int-2}
   (You took it off a vampire on level 3 of the Crypt)

   [ring of protection from fire]

   It affects your strength (+8).
   It affects your intelligence (-2).
   It protects you from fire.
   It protects you from negative energy.
 T - the amulet "Ucwigid" (around neck) {+Rage rPois rN+ MR++ Int+2}
   (You found it on level 7 of Gehenna)

   [amulet of rage]

   It affects your intelligence (+2).
   It protects you from poison.
   It protects you from negative energy.
   It affects your resistance to hostile enchantments.
   It lets you go berserk.
 Z - a ring of sustain attributes (left hand)
Wands
 C - a wand of heal wounds (0/9)
 S - a wand of heal wounds (6/9)
 W - a wand of acid (3/15)
Scrolls
 d - 5 scrolls of magic mapping
 l - 6 scrolls of fear
 n - 6 scrolls of fog
 p - 39 scrolls of remove curse
 r - 5 scrolls of recharging
 x - 8 scrolls of immolation
 O - 12 scrolls of identify
Potions
 m - 6 potions of agility
 A - 2 potions of cancellation
 D - 2 potions of brilliance
 H - a potion of resistance
 I - 10 potions of flight
 N - 7 potions of curing
 R - 2 potions of magic
Miscellaneous
 w - a figurine of a ziggurat
Comestibles
 f - 13 bread rations
 h - 22 meat rations


   Skills:
 O Level 27 Fighting
 O Level 27 Axes
 + Level 25.5 Crossbows
 O Level 27 Armour
 + Level 19.8 Dodging
 O Level 27 Shields
 O Level 27 Invocations
 - Level 4.0 Evocations


You had 26 spell levels left.
You didn't know any spells.

Dungeon Overview and Level Annotations

Branches:
Dungeon (15/15)            Temple (1/1) D:7            Lair (8/8) D:10
  Swamp (4/4) Lair:3        Snake (4/4) Lair:5        Slime (6/6) Lair:7
    Orc (2/2) D:11            Elf (3/3) Orc:2        Vaults (5/5) D:13
  Crypt (3/3) Vaults:2       Tomb (3/3) Crypt:3      Depths (5/5) D:15
   Hell (1/1)                 Dis (7/7) Hell            Geh (7/7) Hell
    Coc (7/7) Hell            Tar (7/7) Hell            Zot (4/5) Depths:5

Altars:
Ashenzari
Cheibriados
Dithmenos
Elyvilon
Fedhas
Gozag
Kikubaaqudgha
Makhleb
Nemelex Xobeh
Okawaru
Pakellas
Qazlal
Ru
Sif Muna
Trog
Vehumet
Xom
Yredelemnul
Zin
The Shining One

Shops:
D:11 (*   D:14 *!   Orc:2 (=?=   Vaults:4 *[!   Depths:1 *

Portals:
Hell: Depths:1 Depths:2 Depths:3 Depths:4 Depths:5
Abyss: Depths:3 Depths:4
Pandemonium: Depths:2 Depths:3 Depths:4
Ziggurat: Depths:5

Annotations:
Coc:7 Antaeus


Innate Abilities, Weirdness & Mutations

You are under a permanent stasis effect.
You can dig through walls and to a lower floor.
Your four strong arms can wield two-handed weapons with a shield.
You have a pair of large antennae on your head (SInv).
You are partially covered in molten scales (AC +1).
Scrolls take you longer to read.
You are clumsy. (Dex -2)
Armour fits poorly on your strangely shaped body.
You are very dopey. (Int -4)
You are frail (-10% HP).
Your spells are a little easier to cast, but a little less powerful.
You expend magic power (3 MP) to strengthen your wands.
Your movements are slightly less encumbered by armour (ER -2).


Message History

Unknown command.
Unknown command.
Evoke which item? (* to show all) (? for menu, Esc to quit)
Zapping:
S - a wand of heal wounds (8/9)
Press: ? - help, Shift-Dir - straight line, f - you You feel much better.
This wand has 7 charges left.
Your daeva calls down the wrath of the Shining One upon Antaeus.
Antaeus is smitten.
Antaeus gestures at you. The flash freeze hits you! You partially resist.
* * * LOW HITPOINT WARNING * * *
You are encased in ice.
Unknown command.
Evoke which item? (* to show all) (? for menu, Esc to quit)
Zapping:
S - a wand of heal wounds (7/9)
Press: ? - help, Shift-Dir - straight line, f - you You feel much better.
This wand has 6 charges left.
Antaeus gestures at you. The bolt of lightning hits you!
You die...

≈≈....≈≈≈≈≈≈.......)))≈≈≈≈≈≈≈≈≈≈≈
≈≈....≈≈≈≈≈≈.....≈≈≈≈≈≈≈..≈≈≈≈≈..
≈≈.....≈≈≈≈≈....≈≈≈≈≈≈≈....≈≈≈...
≈≈......≈≈≈...≈≈≈≈≈≈≈≈≈....≈≈≈.##
≈≈.......≈≈≈≈≈≈≈≈≈≈≈≈≈≈....≈≈≈.##
≈≈≈......≈≈≈≈≈≈≈≈≈≈≈≈≈≈..≈≈≈≈..##
≈≈≈≈≈≈≈≈≈≈≈≈≈≈≈≈≈≈≈≈≈≈...≈≈≈≈..#
≈≈≈≈≈≈≈≈≈≈≈≈≈≈≈≈≈≈≈≈≈≈..≈≈≈≈≈.##
≈≈≈≈≈≈≈≈≈≈≈≈≈≈≈≈@≈≈≈≈≈≈≈≈≈≈≈≈.#
≈≈≈≈≈≈...≈≈≈≈≈≈≈≈≈≈..≈≈≈≈≈≈≈≈.#
≈≈≈≈≈.....≈≈≈≈≈≈≈≈...≈≈≈≈≈≈≈..#
≈≈≈≈≈.....≈≈≈≈C≈≈...≈≈≈≈≈≈≈≈..#
≈≈≈≈≈......≈A≈≈≈...≈≈≈≈≈≈≈≈≈..#
≈≈≈≈≈≈......≈≈≈...≈≈≈≈≈≈≈≈≈..## #
≈≈≈≈≈≈......≈≈≈...≈≈≈≈≈≈≈≈≈..# #
≈≈≈≈≈≈≈.....≈≈≈...≈≈≈≈≈≈≈≈...# ##
..≈≈≈≈≈≈....≈≈≈...≈≈≈≈≈≈≈≈...# #.


You could see Antaeus and a friendly daeva.

Vanquished Creatures
  Asmodeus (Geh:7)
  the Royal Jelly (Slime:6)
  Ereshkigal (Tar:7)
  the Serpent of Hell (Coc:7)
  2 orbs of fire (Zot:4)
  4 ancient liches
  Dispater (Dis:7)
  Mennas (Vaults:4)
  3 juggernauts
  32 greater mummies
  Sojobo (Crypt:3)
  The ghost of humperndinck the Hoplite, a legendary GrFi of the Shining One (Geh:7)
  Margery (Vaults:4)
  Boris (twice) (Crypt:1 Crypt:3)
  Norris (Elf:3)
  A curse toe (Zot:3)
  the Lernaean hydra (Swamp:4)
  Vashnia (Snake:2)
  2 caustic shrikes (Depths:4)
  A Killer Klown (Zot:4)
  7 golden dragons
  Geryon (Hell)
  The ghost of Rexou the Severer, an adept MiBe of Trog (Slime:6)
  17 iron giants
  Xtahua (Crypt:3)
  the Enchantress (Depths:1)
  An electric golem (Zot:1)
  16 bone dragons
  20 Tzitzimimeh (Tar:7)
  14 liches
  Rupert (D:13)
  3 doom hounds
  12 Hell Sentinels
  9 Ice Fiends (Coc:7)
  2 hellephants
  12 tentacled monstrosities
  13 Brimstone Fiends
  A shard shrike skeleton (Crypt:2)
  Asterion (Elf:3)
  3 quicksilver dragons (Vaults:5)
  18 acid blobs
  2 deep elf master archers (Elf:3)
  8 titans
  3 Executioners
  Frances (D:12)
  2 deep elf blademasters (Elf:3)
  An eldritch tentacle (Dis:7)
  23 tentacled starspawn
  A death cob (Zot:4)
  Gastronok (D:9)
  A thorn hunter (Swamp:1)
  11 ancient champions
  13 shadow dragons
  13 sphinxes
  5 tengu reavers
  Agnes (Snake:2)
  6 greater nagas
  10 storm dragons
  7 revenants
  17 azure jellies
  5 draconian monks
  Donald (Snake:2)
  9 fire giants
  A daeva (Abyss:5)
  Roxanne (D:15)
  8 deep elf sorcerers
  A draconian scorcher (Zot:2)
  17 vault wardens
  5 cacodemons
  17 frost giants
  A caustic shrike zombie (Hell)
  A frost giant (shapeshifter) (Vaults:5)
  13 balrugs
  3 orc warlords
  Aizul (Snake:1)
  3 ghost moths
  Louise (Snake:3)
  10 iron dragons
  3 draconian knights
  4 ghouls (Crypt:3)
  20 ironheart preservers
  3 draconian shifters
  57 reapers
  3 curse skulls (Crypt:1)
  7 deep elf elementalists
  2 draconian annihilators
  10 spriggan defenders
  A draconian zealot (Zot:2)
  21 war gargoyles
  35 stone giants
  36 very ugly things
  4 elemental wellsprings (Coc:7)
  A draconian caller (Zot:4)
  3 green draconians
  2 ophanim
  14 salamander stormcallers
  4 lorocyprocas
  12 vampire knights
  14 deep elf demonologists
  9 black draconians
  6 bennus
  5 white draconians
  9 deep elf annihilators
  5 mottled draconians
  4 red draconians
  A spark wasp (shapeshifter) (Vaults:4)
  17 spark wasps
  5 purple draconians
  8 yellow draconians
  9 eidola
  18 blizzard demons
  16 ettins
  26 mummy priests
  Josephine (Lair:5)
  A merfolk javelineer (Depths:4)
  8 jiangshi
  4 quicksilver dragon zombies
  A minotaur (Lab)
  19 fire dragons
  2 green deaths
  31 vault guards
  8 deep elf death magi
  11 death oozes
  The ghost of baghtru the Cleaver, a journeyman HOFi of Okawaru (Orc:2)
  6 deep elf high priests
  Fannar (Lair:2)
  The ghost of Gargoyl the Protected, a journeyman DsAK of Lugonu (D:12)
  11 yaktaur captains
  13 great orbs of eyes
  3 catoblepae (Lair:8)
  3 quicksilver dragon skeletons
  10 spriggan air magi
  Harold (D:12)
  4 entropy weavers
  20 hydras
  7 rakshasas
  A ghost crab (Tar:7)
  A kraken zombie (Hell)
  25 ice dragons
  13 naga warriors
  16 ogre magi
  8 anacondas
  Erica (D:9)
  3 death knights
  22 dancing weapons
  10 tengu warriors
  10 alligators
  14 centaur warriors
  31 hell hogs
  8 deep troll shamans
  3 vampire magi
  17 deep troll earth magi
  3 orc high priests
  3 titan zombies
  28 death yaks
  42 thrashing horrors
  4 spriggan berserkers
  21 naga sharpshooters
  28 sun demons
  9 shock serpents
  24 deep elf knights
  36 soul eaters
  10 iron golems
  Nergalle (Lair:1)
  3 storm dragon zombies
  12 iron trolls
  23 wretched stars
  2 death drakes
  4 salamander mystics
  A titan skeleton (Tar:7)
  106 skeletal warriors
  7 golden dragon zombies
  11 giant orange brains
  21 shadow demons
  33 shadow wraiths
  9 spatial maelstroms
  61 hell knights
  3 storm dragon skeletons
  7 anaconda zombies
  A sea snake (Snake:3)
  40 death scarabs
  3 ghost moth zombies
  33 deep trolls
  7 unseen horrors
  5 shadow dragon zombies
  3 spriggan druids (Depths:2)
  2 swamp dragons (Swamp:4)
  2 wizards
  17 deep elf archers
  131 starcursed masses
  11 flayed ghosts
  A lindwurm (shapeshifter) (Vaults:1)
  13 phantasmal warriors
  5 naga ritualists
  25 necromancers
  4 golden dragon skeletons
  3 shambling mangroves
  24 ironbrand convokers
  2 tengu zombies
  29 anubis guards
  5 spectral hydras (Swamp:3)
  72 deep elf magi
  2 orb spiders
  7 hill giants
  17 orc knights
  4 anaconda skeletons
  6 wolf spider zombies
  An orb spider (shapeshifter) (Vaults:2)
  7 orc sorcerers
  9 fire giant zombies
  A manticore (D:13)
  6 stone giant zombies
  3 wolf spiders
  6 shining eyes
  7 griffons
  2 hornets
  12 mana vipers
  5 cyclopes
  A hornet (shapeshifter) (Depths:4)
  7 iron dragon zombies
  63 ugly things
  A salamander (shapeshifter) (Vaults:3)
  7 shadow dragon skeletons
  An oklob plant (Swamp:3)
  5 worldbinders
  A cyclops (shapeshifter) (Vaults:2)
  8 sixfirhies
  6 iron dragon skeletons
  11 moths of wrath
  24 salamanders
  3 frost giant zombies
  2 fire giant skeletons
  4 ice statues
  A shock serpent zombie (Dis:7)
  A moth of wrath (shapeshifter) (Vaults:4)
  37 rust devils
  25 elephants
  A black mamba (shapeshifter) (Depths:1)
  12 molten gargoyles
  14 vault sentinels
  Joseph (D:9)
  2 centaur zombies
  A hell hog skeleton (Crypt:2)
  5 stone giant skeletons
  Psyche (D:9)
  6 frost giant skeletons
  5 apocalypse crabs (Abyss:5)
  7 dire elephant zombies
  34 black mambas
  5 guardian serpents
  A gargoyle (D:11)
  3 eyes of devastation
  15 naga magi
  25 spiny frogs
  2 yaktaur zombies
  6 orange demons
  8 dire elephant skeletons
  7 kobold demonologists
  33 smoke demons
  3 emperor scorpion zombies
  4 shock serpent skeletons
  3 rime drakes
  A spiny frog (shapeshifter) (Depths:4)
  69 large abominations
  23 freezing wraiths
  8 efreet
  A redback zombie (D:15)
  A salamander skeleton (Vaults:5)
  26 hellions
  A pale draconian zombie (Crypt:1)
  4 swamp worm zombies (Swamp:3)
  A red draconian zombie (Tomb:3)
  4 demonic crawlers
  14 komodo dragons
  A catoblepas skeleton (Crypt:3)
  2 iron troll zombies (Dis:4)
  27 ice devils
  32 yaktaurs
  39 guardian mummies
  24 red devils
  8 hellwings
  A komodo dragon (shapeshifter) (Depths:3)
  30 tormentors
  16 hydra zombies
  A mottled draconian skeleton (Crypt:1)
  25 ancient zymes
  A golden dragon simulacrum (Abyss:1)
  2 anaconda simulacra
  An entropy weaver zombie (Hell)
  8 trolls
  4 harpy zombies
  2 tengu conjurers
  A jumping spider (Vaults:1)
  2 queen bees
  2 wolf spider simulacra (D:15)
  3 silent spectres
  A polar bear (Lair:2)
  5 iron troll skeletons (Dis:4)
  4 alligator zombies
  2 merfolk (shapeshifter)
  Grinder (D:3)
  3 harpy skeletons
  A tengu simulacrum (Vaults:3)
  2 wind drakes (shapeshifter)
  24 two-headed ogres
  9 fire dragon zombies
  A minotaur skeleton (Volcano)
  42 blink frogs
  8 ice dragon zombies
  7 giant leeches
  4 boulder beetles
  28 bog bodies
  A spectral swamp dragon (Swamp:3)
  16 ushabtiu
  A blink frog (shapeshifter) (Depths:3)
  117 slime creatures
  6 ettin zombies
  A hornet zombie (D:14)
  76 raiju
  4 hydra skeletons
  A stone giant simulacrum (Vaults:3)
  A centaur simulacrum (D:15)
  4 fire dragon skeletons
  104 flying skulls
  9 air elementals
  3 ettin skeletons
  2 frost giant simulacra
  3 redbacks (Vaults:1)
  8 vampires
  An alligator skeleton (Coc:7)
  4 ice dragon skeletons
  19 spriggans
  A black mamba zombie (Dis:5)
  A griffon skeleton (Crypt:1)
  33 wraiths
  22 shadows
  A tarantella (Depths:5)
  2 humans (shapeshifter)
  6 wyverns
  6 giant leech zombies (Swamp:3)
  A spriggan (shapeshifter) (Vaults:5)
  12 water elementals
  10 ynoxinuls
  40 yaks
  16 humans (D:13)
  Grum (D:9)
  6 basilisks
  3 fire bats (Geh:7)
  19 fire elementals
  A hungry ghost (Tar:7)
  2 black mamba skeletons
  32 golden eyes
  20 chaos spawn
  17 neqoxecs
  A hill giant skeleton (Crypt:3)
  8 hippogriffs
  2 hippogriffs (shapeshifter)
  22 vampire mosquitoes
  9 insubstantial wisps
  A mottled dragon (shapeshifter) (Vaults:5)
  16 swamp worms
  12 spatial vortices (Abyss:5)
  A harpy simulacrum (Abyss:5)
  A deep troll zombie (Vaults:3)
  4 wargs
  4 mottled dragons
  73 nagas
  2 soldier ants
  A putrid demonspawn zombie (Dis:7)
  8 spiny frog zombies
  22 water moccasins
  73 hell hounds
  A faun skeleton (Crypt:3)
  2 merfolk skeletons
  4 human skeletons
  A giant eyeball (Depths:4)
  A giant eyeball (shapeshifter) (Vaults:5)
  11 porcupines
  5 ice beasts
  7 sky beasts
  4 spiny frog skeletons
  A sky beast (shapeshifter) (Depths:5)
  13 swamp drakes
  60 orc warriors
  A wasp (shapeshifter) (Depths:4)
  20 necrophages
  3 snapping turtle zombies (Geh:5)
  2 black bears
  2 manticore zombies
  4 human zombies
  8 phantoms
  4 elf zombies
  11 eyes of draining
  A fire dragon simulacrum (Abyss:3)
  3 swamp dragon zombies
  An eye of draining (shapeshifter) (Abyss:2)
  23 wasps
  A lindwurm zombie (Crypt:2)
  74 ogres
  An ogre (shapeshifter) (Vaults:5)
  A boggart (Depths:4)
  2 swamp dragon skeletons
  14 wolves
  34 centaurs
  4 manticore skeletons
  4 snapping turtle skeletons
  29 crocodiles
  12 big kobolds
  A rime drake skeleton (Crypt:1)
  A fire crab zombie (Crypt:1)
  34 small abominations
  4 earth elementals
  19 giant frogs
  A glowing shapeshifter simulacrum (Vaults:3)
  2 wyvern zombies (D:14)
  A water moccasin zombie (Crypt:3)
  A cyclops zombie (Crypt:2)
  A wyvern skeleton (D:14)
  2 troll zombies (Swamp:3)
  4 scorpions
  4 spriggan zombies
  2 snapping turtle simulacra
  65 killer bees
  A hippogriff zombie (Crypt:2)
  38 wights
  A troll skeleton (Volcano)
  4 electric eels
  9 howler monkeys
  A warg skeleton (Crypt:1)
  A spriggan skeleton (Volcano)
  2 quasits
  A gnoll shaman (Orc:2)
  16 crimson imps
  27 jellies
  44 orc priests
  2 giant frog skeletons
  11 hounds
  A black bear skeleton (Crypt:1)
  8 centaur skeletons
  A giant frog zombie (D:13)
  25 orc wizards
  42 iron imps
  Jessica (D:3)
  13 iguanas
  2 two-headed ogre skeletons (Volcano)
  9 worker ants
  20 hell rats
  52 sheep
  An ogre zombie (Dis:4)
  A crocodile zombie (Crypt:1)
  A naga zombie (Geh:7)
  A tengu skeleton (Geh:7)
  A crocodile skeleton (Crypt:1)
  A naga skeleton (Geh:4)
  2 ogre skeletons
  A hound skeleton (D:4)
  62 mummies
  A worker ant zombie (D:8)
  4 gnolls (Orc:2)
  13 adders
  A howler monkey skeleton (D:7)
  74 river rats
  11 shadow imps
  9 white imps
  An ufetubus (Abyss:2)
  An adder skeleton (D:4)
  2 worms
  A dart slug (D:4)
  15 giant geckos
  157 orcs
  10 giant cockroaches
  2 gnoll zombies (D:9)
  11 goblins
  5 hobgoblins
  12 jackals
  46 kobolds
  4 quokkas
  2 bats
  2 giant gecko skeletons
  15 giant newts
  A jackal skeleton (Crypt:2)
  2 quokka zombies
  5 rats
  3 briar patches (Swamp:1)
  3 bushes
  2 butterflies (Lair:2)
  2 crawling corpses (Vaults:5)
  A fire vortex (Geh:7)
  7 fungi
  4 lost souls
  6 lurking horrors
  5 plants
  29 starspawn tentacles
  A starspawn tentacle segment (Abyss:5)
  3 withered plants (Swamp:3)
5445 creatures vanquished.

Vanquished Creatures (collateral kills)
  Saint Roka (Orc:2)
  A hellephant (Abyss:3)
  A Hell Sentinel (Dis:7)
  Maud (Orc:2)
  A stone giant (Orc:2)
  A white draconian (Abyss:3)
  A hydra (Swamp:4)
  A spriggan air mage (Depths:1)
  A swamp dragon (Swamp:4)
  An orc knight (Orc:2)
  2 spiny frogs (Swamp:4)
  A bog body (Swamp:4)
  A spriggan (Depths:1)
  3 orc warriors (Orc:2)
  An orc wizard (Orc:2)
  3 gnolls (Orc:2)
  4 orcs (Orc:2)
25 creatures vanquished.

Vanquished Creatures (others)
  4 eldritch tentacles
  A greater naga (Snake:4)
  A fire giant (Depths:5)
  A curse skull (Crypt:3)
  2 draconian zealots (Zot:1)
  An ironheart preserver (Vaults:5)
  3 stone giants
  An elemental wellspring (Coc:7)
  A salamander stormcaller (Geh:4)
  A merfolk javelineer (Depths:4)
  A jiangshi (Abyss:5)
  A naga warrior (Snake:4)
  A centaur warrior (Depths:1)
  A tengu warrior (Depths:5)
  2 hell hogs
  A thrashing horror (Abyss:5)
  4 naga sharpshooters
  3 skeletal warriors
  30 death scarabs (Tomb:2)
  A shadow dragon zombie (Geh:7)
  4 deep elf archers
  An anubis guard (Tomb:2)
  2 deep elf magi
  A cyclops (Vaults:2)
  A sixfirhy (Abyss:5)
  A black mamba (Snake:3)
  An orange demon (Abyss:5)
  An ice devil (Dis:2)
  A yaktaur (Vaults:2)
  A red devil (Hell)
  An ancient zyme (Abyss:5)
  A hydra skeleton (Tomb:2)
  2 blink frogs (Abyss:3)
  A boulder beetle (Lair:5)
  An ushabti (Tomb:3)
  4 flying skulls
  A ynoxinul (Abyss:5)
  A neqoxec (Abyss:5)
  A basilisk (D:13)
  2 small abominations (Abyss:5)
  A naga (Snake:4)
  A hydra simulacrum (Tar:2)
  3 large abominations (Abyss:5)
  An orc warrior (D:14)
  A snapping turtle zombie (Geh:5)
  2 ogres
  A centaur (Orc:2)
  A wight (Dis:2)
  2 crimson imps (Geh:7)
  A starcursed mass (Abyss:5)
  An iron imp (Dis:7)
  A worker ant (D:14)
  A shadow imp (Tar:2)
  3 giant geckos (Lair:1)
  An orc (D:14)
  3 giant newts (Lair:1)
  A kobold (Abyss:1)
  A briar patch (Swamp:1)
  A bush (Abyss:5)
  297 eldritch tentacle segments
  40 fungi
  8 lost souls
  3 lurking horrors
  28 plants
  38 starspawn tentacles
  397 starspawn tentacle segments
  4 tentacles (Hell)
  44 tentacle segments (Hell)
  14 withered plants (Crypt:2)
990 creatures vanquished.

Grand Total: 6460 creatures vanquished

Notes
Turn   | Place    | Note
--------------------------------------------------------------
     0 | D:1      | RepoMan the Formicid Fighter began the quest for the Orb.
     0 | D:1      | Reached XP level 1. HP: 18/18 MP: 1/1
   238 | D:1      | Reached XP level 2. HP: 24/24 MP: 2/2
   322 | D:1      | Reached XP level 3. HP: 29/29 MP: 3/3
  1277 | D:2      | You fall through a shaft!
  1287 | D:3      | Reached XP level 4. HP: 35/35 MP: 4/4
  1503 | D:3      | Noticed Grinder
  1517 | D:3      | You fall through a shaft for 2 floors!
  1517 | D:5      | Entered Level 5 of the Dungeon
  1781 | D:5      | Noticed a centaur
  1791 | D:5      | Killed a centaur
  1791 | D:5      | Reached XP level 5. HP: 24/41 MP: 5/5
  2138 | D:5      | Noticed a big kobold
  2150 | D:5      | Killed a big kobold
  2150 | D:5      | Reached XP level 6. HP: 42/47 MP: 6/6
  2281 | D:4      | Found a shattered altar of Ashenzari.
  2316 | D:4      | Reached skill level 5 in Shields
  2485 | D:3      | Noticed an orc warrior
  2500 | D:3      | Killed an orc warrior
  2500 | D:3      | Reached skill level 5 in Axes
  2500 | D:3      | Reached XP level 7. HP: 39/52 MP: 7/7
  2678 | D:3      | Reached skill level 5 in Armour
  2757 | D:3      | Killed Grinder
  2864 | D:3      | Noticed Jessica
  2870 | D:3      | Killed Jessica
  2870 | D:3      | Reached XP level 8. HP: 58/58 MP: 8/8
  5055 | D:5      | Reached XP level 9. HP: 46/65 MP: 9/9
  5934 | D:6      | Found a glowing golden altar of the Shining One.
  5940 | D:6      | Became a worshipper of the Shining One
  6109 | D:6      | Found an opulent altar of Gozag.
  6109 | D:6      | Found an iron altar of Okawaru.
  6940 | D:7      | Found a staircase to the Ecumenical Temple.
  6987 | D:7      | Found a snail-covered altar of Cheibriados.
  7197 | D:7      | Reached skill level 5 in Fighting
  7754 | D:7      | Reached XP level 10. HP: 74/74 MP: 10/10
  8533 | D:8      | Reached skill level 10 in Axes
  8635 | D:8      | Reached * piety under the Shining One
  9288 | D:9      | Gained mutation: You possess an exceptional clarity of mind. [mutagenic meat]
  9344 | D:9      | Found a basalt altar of Yredelemnul.
  9495 | D:9      | Noticed Joseph
  9630 | D:9      | Killed Joseph
  9630 | D:9      | Reached XP level 11. HP: 56/83 MP: 11/11
  9755 | D:9      | Found a blossoming altar of Fedhas.
  9757 | D:9      | Found a shadowy altar of Dithmenos.
  9759 | D:9      | Noticed Grum
  9802 | D:9      | Killed Grum
  9802 | D:9      | Reached skill level 1 in Evocations
  9872 | D:9      | Noticed Psyche
  9881 | D:9      | Killed Psyche
 10097 | D:9      | Noticed Erica
 10113 | D:9      | Killed Erica
 10343 | D:9      | Noticed Gastronok
 10365 | D:9      | Killed Gastronok
 10693 | D:9      | Reached ** piety under the Shining One
 10719 | D:10     | Entered Level 10 of the Dungeon
 10733 | D:10     | Found a staircase to the Lair.
 11002 | D:10     | Reached skill level 10 in Shields
 11183 | D:10     | Identified the Catalogue of Helpful Lightness
 11898 | D:11     | Found a staircase to the Orcish Mines.
 11946 | D:11     | Found Hiced's Antique Weapon Shoppe.
 11957 | D:11     | Found Yzaposh's Assorted Antiques.
 11961 | D:11     | Bought a faintly glowing mace for 192 gold pieces
 11961 | D:11     | Bought a scroll of identify for 48 gold pieces
 11961 | D:11     | Bought a scroll of identify for 48 gold pieces
 11961 | D:11     | Identified the +9 mace "Tokluoc" {crush, SInv} (You bought it in a shop on level 11 of the Dungeon)
 12018 | D:11     | Found a labyrinth entrance.
 12021 | Lab      | Entered a labyrinth
 12173 | Lab      | Noticed a minotaur
 12190 | Lab      | Killed a minotaur
 12190 | Lab      | Reached skill level 1 in Invocations
 12190 | Lab      | Reached XP level 12. HP: 50/92 MP: 13/15
 12204 | Lab      | Got a shimmering chain mail
 12205 | Lab      | Identified the +8 chain mail "Guisi" {rElec rF+ Dex-3} (You found it in a labyrinth)
 13159 | D:12     | Noticed Frances
 13211 | Lair:1   | Entered Level 1 of the Lair of Beasts
 13236 | Lair:1   | Reached skill level 10 in Armour
 13429 | Lair:1   | Reached *** piety under the Shining One
 14049 | Lair:1   | Got an iridescent long sword
 14066 | Lair:1   | Gained mutation: You are robust (+10% HP). [potion of beneficial mutation]
 14067 | Lair:1   | Identified the +5 long sword "Befoysud" {freeze, rElec} (You found it on level 1 of the Lair of Beasts)
 14069 | Lair:1   | Noticed Nergalle
 14113 | Lair:1   | Killed Nergalle
 15014 | Lair:2   | Reached XP level 13. HP: 75/111 MP: 16/16
 15286 | Lair:2   | Reached skill level 5 in Invocations
 15315 | Lair:2   | Noticed a four-headed hydra
 15326 | Lair:2   | Noticed Fannar
 15330 | Lair:2   | Killed a four-headed hydra
 15430 | Lair:2   | Killed Fannar
 15923 | Lair:3   | Noticed a six-headed hydra
 15945 | Lair:3   | Killed a six-headed hydra
 15964 | Lair:3   | Found a staircase to the Swamp.
 17426 | Lair:4   | Reached skill level 10 in Fighting
 17821 | Lair:4   | Noticed a seven-headed hydra
 17838 | Lair:4   | Killed a seven-headed hydra
 18364 | Lair:4   | Reached XP level 14. HP: 87/121 MP: 19/19
 20214 | Lair:5   | Reached **** piety under the Shining One
 20235 | Lair:5   | Found a staircase to the Snake Pit.
 20316 | Lair:5   | Noticed Josephine
 20327 | Lair:5   | Killed Josephine
 21970 | Lair:6   | Reached XP level 15. HP: 73/129 MP: 21/21
 22426 | Lair:6   | Reached skill level 15 in Axes
 23859 | Lair:7   | Found a staircase to the Slime Pits.
 24659 | Lair:8   | Entered Level 8 of the Lair of Beasts
 24716 | Lair:8   | Reached skill level 10 in Invocations
 25553 | Lair:8   | Reached ***** piety under the Shining One
 26620 | Lair:8   | Reached XP level 16. HP: 89/139 MP: 23/23
 28108 | D:12     | Killed Frances
 28253 | D:12     | Noticed Harold
 28265 | D:12     | Killed Harold
 28610 | D:12     | Noticed Gargoyl's ghost (journeyman DsAK)
 28636 | D:12     | Killed Gargoyl's ghost
 29023 | Temple   | Entered the Ecumenical Temple
 29566 | D:11     | Bought a potion of heal wounds for 120 gold pieces
 29566 | D:11     | Bought a scroll labeled ODUFRI CAIQE for 24 gold pieces
 29751 | D:13     | Found a gate to the Vaults.
 29760 | D:13     | Noticed Rupert
 29773 | D:13     | Killed Rupert
 31395 | D:14     | Reached XP level 17. HP: 136/151 MP: 25/25
 31720 | D:14     | Found Ufirchy's Distillery.
 31732 | D:14     | Bought a potion of heal wounds for 75 gold pieces
 31732 | D:14     | Bought a potion of heal wounds for 75 gold pieces
 31813 | D:14     | Reached skill level 15 in Shields
 32007 | D:14     | Found Uqeobbom's Demolitions Depot.
 32166 | D:15     | Entered Level 15 of the Dungeon
 32184 | D:15     | Reached ****** piety under the Shining One
 32315 | D:15     | Noticed Roxanne
 32829 | D:15     | Found a staircase to the Depths.
 34186 | Orc:1    | Entered Level 1 of the Orcish Mines
 34722 | Orc:2    | Entered Level 2 of the Orcish Mines
 34852 | Orc:2    | Found a dark tunnel.
 34861 | Volcano  | Entered a volcano
 35213 | Orc:2    | Noticed baghtru's ghost (journeyman HOFi)
 35249 | Orc:2    | Killed baghtru's ghost
 35313 | Orc:2    | Found a staircase to the Elven Halls.
 35831 | Orc:2    | Found Fusafruri's Magic Scroll Emporium.
 35831 | Orc:2    | Found Jajoasy's Jewellery Boutique.
 35833 | Orc:2    | Found Nedamum's Antique Weapon Shop.
 35835 | Orc:2    | Found Yplazxyich's Jewellery Shoppe.
 35845 | Orc:2    | Bought a cursed amulet of inaccuracy for 32 gold pieces
 35850 | Orc:2    | Bought a scroll of identify for 32 gold pieces
 35850 | Orc:2    | Bought a scroll of identify for 32 gold pieces
 35850 | Orc:2    | Bought a scroll of acquirement for 832 gold pieces
 35850 | Orc:2    | Bought a scroll of acquirement for 832 gold pieces
 35901 | Orc:2    | Noticed Maud
 35925 | Orc:2    | Killed Maud
 35965 | Orc:2    | Bought a scroll of summoning for 152 gold pieces
 36296 | Orc:2    | Noticed Saint Roka
 36320 | Orc:2    | Killed Saint Roka
 36620 | Elf:1    | Entered Level 1 of the Elven Halls
 36633 | Elf:1    | Reached XP level 18. HP: 152/162 MP: 23/27
 36633 | Elf:1    | Reached skill level 15 in Fighting
 37063 | Elf:1    | Cast into level 3 of the Abyss (a deep elf demonologist)
 37404 | Elf:1    | Escaped the Abyss
 37410 | Elf:1    | Noticed a Tzitzimitl
 37481 | Elf:1    | Cast into level 3 of the Abyss (a deep elf sorcerer)
 37488 | Abyss:3  | Found a corrupted altar of Lugonu.
 37514 | Abyss:3  | Found a roughly hewn altar of Beogh.
 37608 | Abyss:3  | Noticed a hellephant
 37624 | Abyss:3  | Killed a hellephant
 37932 | Elf:1    | Escaped the Abyss
 38648 | Elf:2    | Found a huge runed gate.
 38648 | Elf:2    | Found a huge runed gate.
 38648 | Elf:2    | Found a huge runed gate.
 38652 | Elf:2    | Got a fine morningstar
 38654 | Elf:2    | Found a huge runed gate.
 38654 | Elf:2    | Found a huge runed gate.
 38658 | Elf:2    | Got an encrusted morningstar
 39087 | Elf:2    | Reached XP level 19. HP: 77/177 MP: 28/28
 40065 | Elf:2    | Found a portal to a secret trove of treasure.
 40149 | Elf:3    | Entered Level 3 of the Elven Halls
 40202 | Elf:3    | Noticed a deep elf blademaster
 40298 | Elf:3    | Noticed Norris
 40299 | Elf:3    | Killed a deep elf blademaster
 40316 | Elf:3    | Killed Norris
 40322 | Elf:3    | Got a crude spear {antimagic}
 40340 | Elf:3    | Noticed a deep elf blademaster
 40347 | Elf:3    | Killed a deep elf blademaster
 40605 | Elf:3    | Cast into level 2 of the Abyss (a deep elf demonologist)
 40634 | Abyss:2  | Got an ichor-stained leather armour
 40653 | Elf:3    | Escaped the Abyss
 40675 | Elf:3    | Noticed a Brimstone Fiend
 40688 | Elf:3    | Got a twisted trident {pierce}
 40718 | Elf:3    | Reached XP level 20. HP: 187/189 MP: 29/29
 40720 | Elf:3    | Noticed a Hell Sentinel
 40749 | Elf:3    | Identified a +2 rod of clouds (12/12) (You found it on level 2 of the Abyss)
 40790 | Elf:3    | Got a twisted rapier {elec}
 40809 | Elf:3    | Got a shimmering platinum ring
 40818 | Elf:3    | Identified the +8 rapier "Weruxouf" {elec, *Confuse Str+2 Dex+5} (You took it off a deep elf elementalist on level 3 of the Elven Halls)
 40820 | Elf:3    | Identified the +8 spear of Xekhej {antimagic, rPois} (You took it off a deep elf annihilator on level 3 of the Elven Halls)
 40821 | Elf:3    | Identified the +10 morningstar of Causality {freeze, rN+ Str+2} (You found it on level 2 of the Elven Halls)
 40822 | Elf:3    | Identified the +7 morningstar of Gida {holy, *Rage rElec rPois} (You found it on level 2 of the Elven Halls)
 40824 | Elf:3    | Identified the +5 trident "Rabothiqop" {pierce, rF+ Str-3 Int+4 Dex+8} (You took it off a deep elf annihilator on level 3 of the Elven Halls)
 40831 | Elf:3    | Identified the ring "Haaph" {rN+ Dex+2 Stlth+} (You took it off a deep elf demonologist on level 3 of the Elven Halls)
 40895 | Elf:3    | Identified Kiomus's Papyrus of Snow and the Blaze
 40966 | Elf:3    | Identified the Papyrus of Earthen Unholy Rituals
 40968 | Elf:3    | Got a polished ring mail
 41002 | Elf:3    | Identified the +1 ring mail of Sodin {rPois MR+ Stlth+} (You found it on level 3 of the Elven Halls)
 41048 | Elf:3    | Got a bloodstained great sword {holy}
 41054 | Elf:3    | Identified the +7 great sword of Tasyaz {holy, rN+} (You took it off a deep elf mage on level 3 of the Elven Halls)
 41133 | Elf:3    | Noticed Asterion
 41149 | Elf:3    | Killed Asterion
 41304 | Elf:3    | Got a smoking lead ring
 41305 | Elf:3    | Identified the ring of the Dragon {SustAt rElec MR- Str+2} (You found it on level 3 of the Elven Halls)
 42076 | Snake:1  | Entered Level 1 of the Snake Pit
 42719 | Snake:1  | Noticed Aizul
 42729 | Snake:1  | Killed Aizul
 43116 | Snake:2  | Noticed Vashnia
 43132 | Snake:2  | Killed Vashnia
 43453 | Snake:2  | Noticed Agnes
 43458 | Snake:2  | Killed Agnes
 43465 | Snake:2  | Gained mutation: Your movements are slightly less encumbered by armour (ER -2). [potion of beneficial mutation]
 43750 | Snake:2  | Noticed Donald
 43757 | Snake:2  | Killed Donald
 44295 | Snake:3  | Got a slimy great mace
 44305 | Snake:3  | Identified the +2 great mace of True Grit {crush, +Fly rElec rN+} (You found it on level 3 of the Snake Pit)
 44361 | Snake:3  | Noticed Louise
 44374 | Snake:3  | Killed Louise
 44544 | Snake:3  | Reached XP level 21. HP: 139/195 MP: 30/30
 44923 | Snake:4  | Entered Level 4 of the Snake Pit
 46295 | Snake:4  | Got a serpentine rune of Zot
 47055 | Lair:2   | Got a faintly glowing crystal plate armour
 47066 | Lair:2   | Identified the +8 crystal plate armour "Voanelux" {Str+4 Dex+4} (You acquired it on level 2 of the Lair of Beasts)
 47095 | Swamp:1  | Entered Level 1 of the Swamp
 47513 | Swamp:1  | Found a blossoming altar of Fedhas.
 48750 | Swamp:3  | Got a slimy chain mail
 49022 | Swamp:3  | Reached XP level 22. HP: 204/204 MP: 31/31
 49205 | Swamp:3  | Got a jewelled quarterstaff
 49397 | Swamp:4  | Entered Level 4 of the Swamp
 49678 | Swamp:4  | Noticed the 27-headed Lernaean hydra
 49693 | Swamp:4  | Killed the 27-headed Lernaean hydra
 49693 | Swamp:4  | Reached skill level 15 in Armour
 50074 | Swamp:4  | Got a decaying rune of Zot
 50820 | Lair:2   | Identified the +1 quarterstaff of the Badger {antimagic, rPois rF- rN++ Int+2} (You found it on level 3 of the Swamp)
 50832 | Lair:2   | Identified the +9 chain mail "Hieq" {Slay+3} (You found it on level 3 of the Swamp)
 50968 | Vaults:1 | Entered Level 1 of the Vaults
 51491 | Vaults:1 | Found a shimmering altar of Xom.
 52337 | Vaults:2 | Found a staircase to the Crypt.
 52647 | Vaults:2 | Reached XP level 23. HP: 214/214 MP: 32/32
 52721 | Vaults:2 | Got an ichor-stained scale mail
 53083 | Vaults:2 | Cast into level 2 of the Abyss (a deep elf demonologist)
 53167 | Abyss:2  | Found a viscous altar of Jiyva.
 53265 | Vaults:2 | Escaped the Abyss
 53857 | Vaults:3 | Gained mutation: You are partially covered in large bone plates (AC +2, SH +2). [potion of beneficial mutation]
 54688 | Vaults:3 | Identified the +7 scale mail of Yxesais {*Contam rF+ rN+ Int+2} (You found it on level 2 of the Vaults)
 54804 | Vaults:4 | Reached XP level 24. HP: 225/225 MP: 32/32
 54974 | Vaults:4 | Found Lutit's Distillery.
 54984 | Vaults:4 | Bought a potion of magic for 128 gold pieces
 54984 | Vaults:4 | Bought a potion of cure mutation for 400 gold pieces
 54984 | Vaults:4 | Bought a potion of curing for 48 gold pieces
 54984 | Vaults:4 | Bought a potion of cure mutation for 400 gold pieces
 54984 | Vaults:4 | Bought a potion of agility for 64 gold pieces
 54984 | Vaults:4 | Bought 2 potions of might for 128 gold pieces
 54984 | Vaults:4 | Bought a potion of curing for 48 gold pieces
 55203 | Vaults:4 | Noticed Mennas
 55210 | Vaults:4 | Killed Mennas
 55304 | Vaults:4 | Found Viliseat's Antique Armour Emporium.
 55321 | Vaults:4 | Found Ocvazop's Assorted Antiques.
 55600 | Vaults:4 | Noticed Margery
 55620 | Vaults:4 | Killed Margery
 56547 | Vaults:5 | Entered Level 5 of the Vaults
 56580 | Vaults:5 | Noticed an ancient lich
 56591 | Vaults:5 | Reached XP level 25. HP: 189/235 MP: 32/32
 56601 | Vaults:5 | Killed an ancient lich
 56657 | Vaults:5 | Noticed a caustic shrike
 56657 | Vaults:5 | a golden dragon changed into a caustic shrike
 56830 | Vaults:5 | Got a bound jade ring
 56831 | Vaults:5 | Got an encrusted triple sword {drain}
 57433 | Vaults:5 | Identified the Catalogue of the Ashen Blaze
 57487 | Vaults:5 | Got a silver rune of Zot
 57505 | Vaults:5 | Reached XP level 26. HP: 245/245 MP: 32/32
 57562 | Vaults:5 | Reached skill level 27 in Axes
 57587 | Vaults:5 | Reached skill level 1 in Crossbows
 57845 | Vaults:5 | Got a scorched long sword
 57871 | Vaults:5 | Identified the ring of Piwywym {rF+ rN+} (You took it off a yaktaur captain on level 5 of the Vaults)
 57889 | Vaults:5 | Identified the cursed +3 triple sword of Contention {drain, +Inv rPois Int-5 SInv} (You took it off a yaktaur captain on level 5 of the Vaults)
 57894 | Vaults:5 | Identified the +4 long sword "Onwotall" {slice, rC- Str+3 Stlth+} (You found it on level 5 of the Vaults)
 58713 | D:15     | Killed Roxanne
 58913 | Elf:2    | You paid a toll of 2 potions of cure mutation to enter a treasure trove
 58914 | Trove    | Entered a treasure trove
 58937 | Trove    | Got a faintly glowing bronze ring
 58941 | Trove    | Got a slimy lead ring
 58949 | Trove    | Got a crude amber ring
 58950 | Trove    | Identified the ring of Juegiek {rElec rN+ Slay+3} (You found it in a treasure trove)
 58951 | Trove    | Identified the ring "Qovewn" {Fragile rF+ Dex+4} (You found it in a treasure trove)
 58952 | Trove    | Identified the ring "Avethre" {Ice rPois Dex+4} (You found it in a treasure trove)
 58962 | Trove    | Got a scorched bone ring
 59027 | Trove    | Identified the ring of Roushrill {SustAt *Confuse rElec rF+} (You found it in a treasure trove)
 59388 | Depths:1 | Entered Level 1 of the Depths
 59590 | Depths:1 | Found Petwot's Assorted Antiques.
 59620 | Depths:1 | Bought a potion of cancellation for 256 gold pieces
 59641 | Depths:1 | Noticed the Enchantress
 59659 | Depths:1 | Killed the Enchantress
 59676 | Depths:1 | Got a faerie dragon armour
 59699 | Depths:1 | Identified the +4 faerie dragon armour {rC+ Int+3 Stlth+} (You took it off the Enchantress on level 1 of the Depths)
 60228 | Depths:1 | Found a gateway to Hell.
 61065 | Depths:2 | Reached skill level 5 in Crossbows
 61411 | Depths:2 | Found a one-way gate leading to the halls of Pandemonium.
 61738 | Depths:3 | Reached XP level 27. HP: 243/254 MP: 33/33
 61739 | Depths:3 | Noticed a juggernaut
 61751 | Depths:3 | Killed a juggernaut
 62244 | Depths:3 | Found a one-way gate to the infinite horrors of the Abyss.
 62579 | Depths:4 | Reached skill level 15 in Invocations
 63182 | Depths:4 | Found a runed door.
 63261 | Depths:4 | Noticed a juggernaut
 63875 | Depths:4 | Killed a juggernaut
 63895 | Depths:4 | Noticed a juggernaut
 63911 | Depths:4 | Killed a juggernaut
 64510 | Depths:4 | Got a fine flail
 64960 | Depths:5 | Entered Level 5 of the Depths
 65158 | Depths:5 | Found a gate to the Realm of Zot.
 65400 | Depths:5 | Found a gateway to a ziggurat.
 65403 | Depths:5 | Reached skill level 10 in Crossbows
 65872 | Depths:5 | Identified the +5 flail of the Five Stars {pain, Str+2 Stlth+} (You found it on level 4 of the Depths)
 66375 | Slime:1  | Entered Level 1 of the Pits of Slime
 66663 | Slime:5  | Gained mutation: Armour fits poorly on your strangely shaped body. [a shining eye]
 66821 | Slime:6  | Entered Level 6 of the Pits of Slime
 66893 | Slime:6  | Noticed Rexou's ghost (adept MiBe)
 66905 | Slime:6  | Killed Rexou's ghost
 67275 | Slime:6  | Noticed the Royal Jelly
 67331 | Slime:6  | Gained mutation: You are partially covered in molten scales (AC +1). [a shining eye]
 67333 | Slime:6  | Gained mutation: You are weak. (Str -2) [a shining eye]
 67362 | Slime:6  | Gained mutation: Scrolls take you a little longer to read. [a shining eye]
 67419 | Slime:6  | Killed the Royal Jelly
 67574 | Slime:6  | Got a brightly glowing garnet amulet
 67582 | Slime:6  | Got a slimy rune of Zot
 67594 | Slime:6  | Got a crude hand axe
 67625 | Slime:6  | Got a smoking chain mail
 67644 | Slime:6  | Identified the amulet "Xotuup" {Reflect rElec SH+2} (You found it on level 6 of the Pits of Slime)
 67656 | Slime:6  | Identified the +10 hand axe of Ilotutre {drain, +Fly} (You found it on level 6 of the Pits of Slime)
 67659 | Slime:6  | Identified the +6 chain mail of the Gravedigger {rC- rN++ Str+2 SInv} (You found it on level 6 of the Pits of Slime)
 67866 | Lair:2   | Gained mutation: You are agile. (Dex +2) [potion of mutation]
 67866 | Lair:2   | Gained mutation: You are very weak. (Str -4) [potion of mutation]
 67868 | Lair:2   | Lost mutation: You are very weak. (Str -4) [potion of mutation]
 67868 | Lair:2   | Lost mutation: You are partially covered in large bone plates (AC +2, SH +2). [potion of mutation]
 67869 | Lair:2   | Gained mutation: You regenerate slowly when monsters are visible. [potion of mutation]
 67869 | Lair:2   | Gained mutation: Your mind is acute. (Int +2) [potion of mutation]
 67871 | Lair:2   | Gained mutation: You are very weak. (Str -4) [potion of mutation]
 67872 | Lair:2   | Gained mutation: You have large cloven feet. [potion of mutation]
 67873 | Lair:2   | Gained mutation: Your mind is very acute. (Int +4) [potion of mutation]
 67874 | Lair:2   | Lost mutation: You are very weak. (Str -4) [potion of cure mutation]
 67874 | Lair:2   | Lost mutation: Scrolls take you a little longer to read. [potion of cure mutation]
 67874 | Lair:2   | Lost mutation: Your mind is very acute. (Int +4) [potion of cure mutation]
 67875 | Lair:2   | Lost mutation: You possess an exceptional clarity of mind. [potion of cure mutation]
 67875 | Lair:2   | Lost mutation: You are weak. (Str -2) [potion of cure mutation]
 67875 | Lair:2   | Lost mutation: Armour fits poorly on your strangely shaped body. [potion of cure mutation]
 67875 | Lair:2   | Lost mutation: You are agile. (Dex +2) [potion of cure mutation]
 67875 | Lair:2   | Lost mutation: You have large cloven feet. [potion of cure mutation]
 68060 | Crypt:1  | Entered Level 1 of the Crypt
 68658 | Crypt:1  | Noticed Boris
 68679 | Crypt:1  | Killed Boris
 68697 | Crypt:1  | Identified Ubiunej's Grimoire of Malediction
 69440 | Crypt:3  | Entered Level 3 of the Crypt
 69456 | Crypt:3  | Noticed Sojobo
 69469 | Crypt:3  | Killed Sojobo
 70035 | Crypt:3  | Noticed Boris
 70049 | Crypt:3  | Killed Boris
 70200 | Crypt:3  | Found a staircase to the Tomb.
 70299 | Crypt:3  | Got a slimy bronze ring
 70312 | Crypt:3  | Identified the ring "Ugoruim" {MR+ Str+4 Int+3 Dex-3 Stlth-} (You took it off a vampire on level 3 of the Crypt)
 70355 | Crypt:3  | Got a blackened dagger {speed}
 70365 | Crypt:3  | Got a twitching silver ring
 70368 | Crypt:3  | Identified the ring "Laedeh" {rF+ rN+ Str+8 Int-2} (You took it off a vampire on level 3 of the Crypt)
 70384 | Crypt:3  | Found a basalt altar of Yredelemnul.
 70391 | Crypt:3  | Found an ancient bone altar of Kikubaaqudgha.
 70415 | Crypt:3  | Identified the Collected Works on Black Rites
 70516 | Crypt:3  | Noticed Xtahua
 70529 | Crypt:3  | Killed Xtahua
 70535 | Crypt:3  | Killed the ghostly Xtahua
 70693 | Crypt:3  | Identified the +8 dagger "Gudwiumo" {speed, rPois rF+ Int+3} (You took it off a skeletal warrior on level 3 of the Crypt)
 71156 | Tomb:1   | Entered Level 1 of the Tomb of the Ancients
 71828 | Tomb:1   | Noticed a greater mummy
 71840 | Tomb:1   | Killed a greater mummy
 72094 | Tomb:2   | Noticed a greater mummy
 72094 | Tomb:2   | Noticed a greater mummy
 72094 | Tomb:2   | Noticed a greater mummy
 72094 | Tomb:2   | Noticed a greater mummy
 72782 | Tomb:1   | Killed a greater mummy
 73105 | Tomb:1   | Killed a greater mummy
 73426 | Tomb:1   | Killed a greater mummy
 73488 | Tomb:1   | Killed a greater mummy
 74304 | Tomb:1   | Noticed a greater mummy
 74308 | Tomb:1   | Noticed a greater mummy
 74309 | Tomb:1   | Killed a greater mummy
 74311 | Tomb:1   | Noticed a greater mummy
 74318 | Tomb:1   | Killed a greater mummy
 74324 | Tomb:1   | Killed a greater mummy
 74329 | Tomb:1   | Noticed a greater mummy
 74337 | Tomb:1   | Killed a greater mummy
 74519 | Tomb:1   | Noticed a greater mummy
 74522 | Tomb:1   | Gained mutation: Scrolls take you a little longer to read. [a neqoxec]
 74531 | Tomb:1   | Gained mutation: Armour fits poorly on your strangely shaped body. [a neqoxec]
 74534 | Tomb:1   | Killed a greater mummy
 74535 | Tomb:1   | Lost mutation: Scrolls take you a little longer to read. [potion of cure mutation]
 74535 | Tomb:1   | Lost mutation: Your mind is acute. (Int +2) [potion of cure mutation]
 74535 | Tomb:1   | Lost mutation: You are robust (+10% HP). [potion of cure mutation]
 74535 | Tomb:1   | Lost mutation: Armour fits poorly on your strangely shaped body. [potion of cure mutation]
 74535 | Tomb:1   | Lost mutation: You regenerate slowly when monsters are visible. [potion of cure mutation]
 74544 | Tomb:1   | Noticed a greater mummy
 74553 | Tomb:1   | Killed a greater mummy
 74580 | Tomb:1   | Noticed a greater mummy
 74589 | Tomb:1   | Killed a greater mummy
 75036 | Zot:1    | Entered Level 1 of the Realm of Zot
 75391 | Zot:1    | Cast into level 5 of the Abyss (a Zot trap)
 75391 | Abyss:5  | Entered Level 5 of the Abyss
 75409 | Zot:1    | Escaped the Abyss
 77045 | Zot:3    | You fall through a shaft!
 77283 | Zot:4    | Noticed an orb of fire
 77283 | Zot:4    | Noticed an orb of fire
 77291 | Zot:4    | Gained mutation: Armour fits poorly on your strangely shaped body. [an orb of fire]
 77307 | Zot:4    | Gained mutation: Your spells are a little easier to cast, but a little less powerful. [an orb of fire]
 77311 | Zot:4    | Killed an orb of fire
 77314 | Zot:4    | Killed an orb of fire
 77787 | Zot:4    | Reached skill level 15 in Crossbows
 78733 | Tomb:1   | Noticed a greater mummy
 78733 | Tomb:1   | Noticed a greater mummy
 78745 | Tomb:1   | Killed a greater mummy
 78750 | Tomb:1   | Killed a greater mummy
 78788 | Tomb:1   | Noticed a greater mummy
 78800 | Tomb:1   | Killed a greater mummy
 78819 | Tomb:1   | Noticed a greater mummy
 78828 | Tomb:1   | Killed a greater mummy
 78838 | Tomb:1   | Noticed a greater mummy
 78961 | Tomb:1   | Killed a greater mummy
 79094 | Tomb:1   | Noticed a greater mummy
 79101 | Tomb:1   | Killed a greater mummy
 79109 | Tomb:1   | Noticed a greater mummy
 79110 | Tomb:1   | Noticed a greater mummy
 79117 | Tomb:1   | Killed a greater mummy
 79124 | Tomb:1   | Killed a greater mummy
 79434 | Tomb:1   | Noticed a greater mummy
 79442 | Tomb:1   | Killed a greater mummy
 79496 | Tomb:1   | Noticed a greater mummy
 79504 | Tomb:1   | Killed a greater mummy
 79581 | Tomb:1   | Noticed a greater mummy
 79593 | Tomb:1   | Noticed a greater mummy
 79597 | Tomb:1   | Killed a greater mummy
 79606 | Tomb:1   | Killed a greater mummy
 79761 | Tomb:1   | Noticed a greater mummy
 79767 | Tomb:1   | Killed a greater mummy
 79886 | Tomb:3   | Entered Level 3 of the Tomb of the Ancients
 79923 | Tomb:3   | Noticed an ancient lich
 80188 | Tomb:3   | Noticed a greater mummy
 80202 | Tomb:2   | Got a faintly glowing flail {elec}
 80408 | Tomb:3   | Noticed a greater mummy
 80408 | Tomb:3   | Noticed an ancient lich
 80409 | Tomb:3   | Noticed a greater mummy
 80570 | Tomb:3   | Noticed a greater mummy
 80578 | Tomb:2   | Killed an ancient lich
 80584 | Tomb:2   | Killed an ancient lich
 80586 | Tomb:2   | Gained mutation: You expend magic power (3 MP) to strengthen your wands. [mutagenic glow]
 80590 | Tomb:2   | Killed a greater mummy
 80934 | Tomb:2   | Killed a greater mummy
 81057 | Tomb:3   | Noticed a greater mummy
 81058 | Tomb:3   | Noticed a greater mummy
 81070 | Tomb:2   | Killed a greater mummy
 81367 | Tomb:3   | Noticed a greater mummy
 81374 | Tomb:2   | Killed a greater mummy
 81600 | Tomb:2   | Killed a greater mummy
 81731 | Tomb:2   | Killed a greater mummy
 81732 | Tomb:2   | Killed a greater mummy
 81909 | Tomb:3   | Got a golden rune of Zot
 82009 | Tomb:3   | Got a clouded gossamer ring
 82034 | Tomb:3   | Got a shimmering arbalest
 82054 | Tomb:3   | Identified the ring of Lady Luck {EV+2 Int-2 Dex+5} (You found it on level 3 of the Tomb of the Ancients)
 82150 | Tomb:3   | Identified a +4 rod of clouds (10/10) (You found it on level 3 of the Tomb of the Ancients)
 83048 | Lair:2   | Identified the +1 arbalest "Keojethre" {flame, Dex+2} (You found it on level 3 of the Tomb of the Ancients)
 83265 | Hell     | Entered the Vestibule of Hell
 83265 | Hell     | Noticed Geryon
 83276 | Hell     | Killed Geryon
 83353 | Hell     | Noticed an ancient lich
 83366 | Hell     | Killed an ancient lich
 83462 | Hell     | Found a gateway to the freezing wastes of Cocytus.
 83543 | Hell     | Found a gateway to the Iron City of Dis.
 83585 | Hell     | Found a gateway to the ashen valley of Gehenna.
 83692 | Hell     | Found a gateway to the decaying netherworld of Tartarus.
 84245 | Geh:1    | Entered Level 1 of Gehenna
 85309 | Geh:7    | Entered Level 7 of Gehenna
 85556 | Geh:7    | Got a faintly glowing glaive
 85579 | Geh:7    | Identified the cursed +1 glaive of Hequgg {chop, rPois Dex+4} (You found it on level 7 of Gehenna)
 85721 | Geh:7    | Reached skill level 27 in Fighting
 85767 | Geh:7    | Reached skill level 1 in Dodging
 85991 | Geh:7    | Noticed humperndinck's ghost (legendary GrFi)
 86015 | Geh:7    | Killed humperndinck's ghost
 86230 | Geh:7    | Noticed Asmodeus
 86251 | Geh:7    | Killed Asmodeus
 86309 | Geh:7    | Identified the Volume of Companions
 86344 | Geh:7    | Got a pitted crystal amulet
 86350 | Geh:7    | Got a slimy platinum ring
 86352 | Geh:7    | Identified Xoruishre's Catalogue of Creative Execration
 86353 | Geh:7    | Identified the amulet "Ucwigid" {+Rage rPois rN+ MR++ Int+2} (You found it on level 7 of Gehenna)
 86372 | Geh:7    | Got an obsidian rune of Zot
 86377 | Geh:7    | Identified the ring "Orghev" {*Tele MP+9 Dex+3 Stlth+} (You found it on level 7 of Gehenna)
 87133 | Dis:1    | Entered Level 1 of the Iron City of Dis
 87452 | Dis:3    | Reached skill level 5 in Dodging
 88014 | Dis:7    | Entered Level 7 of the Iron City of Dis
 89011 | Dis:7    | Reached skill level 27 in Armour
 89049 | Dis:7    | Gained mutation: You are clumsy. (Dex -2) [a cacodemon]
 89422 | Dis:7    | Got a dazzling war axe {chop}
 89501 | Dis:7    | Got a flickering glass ring
 89505 | Dis:7    | Identified the ring "Senurcha" {Wiz MR+} (You took it off an iron imp on level 7 of the Iron City of Dis)
 89684 | Dis:7    | Noticed Dispater
 89696 | Dis:7    | Reached skill level 10 in Dodging
 89718 | Dis:7    | Killed Dispater
 89729 | Dis:7    | Got a jewelled plate armour
 89739 | Dis:7    | Got an iron rune of Zot
 90124 | Hell     | Identified the +8 plate armour of the Countless Lies {rC+ Int+3} (You found it on level 7 of the Iron City of Dis)
 90168 | Tar:1    | Entered Level 1 of Tartarus
 90174 | Tar:1    | You fall through a shaft!
 90215 | Tar:3    | You fall through a shaft for 2 floors!
 90438 | Tar:7    | Entered Level 7 of Tartarus
 90560 | Tar:7    | Reached skill level 27 in Shields
 90903 | Tar:7    | Noticed Ereshkigal
 90919 | Tar:7    | Killed Ereshkigal
 90934 | Tar:7    | Got a bone rune of Zot
 91230 | Tar:7    | Identified Luhucam's Grimoire of Assistive Clay
 92004 | Tar:7    | Lost intelligence.
 92032 | Hell     | Lost intelligence.
 92267 | Lair:2   | Identified the +7 war axe of Eternity {chop, *Noise rC+ rN+} (You took it off an iron imp on level 7 of the Iron City of Dis)
 92492 | Depths:3 | Voluntarily entered the Abyss.
 92839 | Abyss:2  | Found a corrupted altar of Lugonu.
 92976 | Abyss:2  | Found a corrupted altar of Lugonu.
 93109 | Abyss:2  | Gained mutation: You are dopey. (Int -2) [a neqoxec]
 93112 | Abyss:2  | Gained mutation: Scrolls take you a little longer to read. [a neqoxec]
 93159 | Abyss:2  | Gained mutation: You are very dopey. (Int -4) [a shining eye]
 93569 | Abyss:5  | Entered Level 5 of the Abyss
 94149 | Abyss:5  | Reached skill level 27 in Invocations
 94176 | Abyss:5  | Found a shadowy altar of Dithmenos.
 94327 | Abyss:5  | Gained mutation: Scrolls take you longer to read. [a neqoxec]
 94557 | Abyss:5  | Reached skill level 15 in Dodging
 95419 | Abyss:5  | Gained mutation: You are frail (-10% HP). [a neqoxec]
 95568 | Depths:3 | Escaped the Abyss
 95740 | Tar:1    | You fall through a shaft!
 95766 | Tar:2    | You fall through a shaft!
 95779 | Tar:3    | You fall through a shaft for 3 floors!
 96153 | Tar:7    | Got a twitching iron ring
 96156 | Tar:7    | Identified the ring "Romasoic" {rF+ SInv} (You found it on level 7 of Tartarus)
 96620 | Tar:7    | Got a fine jade ring
 96623 | Tar:7    | Identified the ring of Xufron {Fire rElec rN+ MP-9 Int+4} (You found it on level 7 of Tartarus)
 97399 | Coc:1    | Entered Level 1 of Cocytus
 97420 | Coc:2    | You are sucked into a shaft!
 97425 | Coc:3    | You are sucked into a shaft!
 97428 | Coc:4    | You are sucked into a shaft!
 97431 | Coc:5    | You are sucked into a shaft!
 97463 | Coc:7    | Entered Level 7 of Cocytus
 97999 | Coc:7    | Noticed the Serpent of Hell
 98012 | Coc:7    | Killed the Serpent of Hell
 98325 | Coc:7    | Noticed Antaeus
 98349 | Coc:7    | HP: 6/224 [Antaeus/flash freeze (35)]
 98354 | Coc:7    | HP: 9/224 [Antaeus/bolt of lightning (18)]
 98360 | Coc:7    | Killed from afar by Antaeus

Skill      XL: |  1  2  3  4  5  6  7  8  9 10 11 12 13 14 15 16 17 18 19 20 21 22 23 24 25 26 27 |
---------------+----------------------------------------------------------------------------------+-----
Axes           | 3 4 5 6 7 9 10 11 12 13 14 15 16 17 19 20 22 23 24 25 26 27 | 27.0
Shields        | 4 5 6 8 9 10 11 12 13 14 15 16 17 18 27 | 27.0
Armour         | 4 5 6 7 8 9 10 11 12 13 14 15 16 17 18 19 27 | 27.0
Fighting       | 5 6 8 9 10 11 12 13 14 17 18 19 20 21 22 27 | 27.0
Evocations     | 4 |  4.0
Invocations    | 1 4 7 9 10 11 12 14 27 | 27.0
Crossbows      | 5 25 | 25.5
Dodging        | 19 | 19.8

Action                   |  1- 3 |  4- 6 |  7- 9 | 10-12 | 13-15 | 16-18 | 19-21 | 22-24 | 25-27 || total
-------------------------+-------+-------+-------+-------+-------+-------+-------+-------+-------++-------
Melee: War axe           |   104 |    97 |   520 |   796 |    98 |       |       |       |       ||  1615
       Mace              |       |       |       |   143 |  1129 |   565 |       |       |       ||  1837
       Battleaxe         |       |       |       |       |   272 |   801 |       |       |       ||  1073
       Executioner's axe |       |       |       |       |       |   243 |   935 |   872 |  6597 ||  8647
       Great mace        |       |       |       |       |       |       |     6 |    50 |       ||    56
 Fire: Hand crossbow     |       |       |       |       |     1 |       |       |       |       ||     1
       Arbalest          |       |       |       |       |       |       |     8 |       |       ||     8
       Heavy crossbow    |       |       |       |       |       |       |       |    11 |   303 ||   314
Throw: Throwing net      |       |       |       |       |       |     1 |       |       |     1 ||     2
Invok: Divine Shield     |       |       |       |     3 |     4 |     9 |     9 |     6 |    28 ||    59
       Summon Divine War |       |       |       |       |       |     1 |       |     1 |     4 ||     6
       Cleansing Flame   |       |       |       |       |       |     1 |       |       |     5 ||     6
 Abil: Dig               |       |     2 |     4 |    12 |    17 |    21 |    16 |     1 |    57 ||   130
       Shaft Self        |       |     1 |       |       |       |       |       |       |     9 ||    10
       Evoke Flight      |       |       |       |     3 |       |       |     2 |     2 |    10 ||    17
       Stop Flying       |       |       |       |       |       |       |       |       |     1 ||     1
Evoke: Wand              |       |       |     6 |     3 |       |     9 |       |       |    40 ||    58
       Lamp of fire      |       |       |       |       |       |     2 |       |     1 |     1 ||     4
  Use: Potion            |     4 |     2 |     2 |     2 |     4 |    12 |     6 |     5 |    53 ||    90
       Scroll            |       |     1 |     1 |    21 |     9 |    12 |    10 |     4 |    41 ||    99
 Stab: Confused          |       |       |       |     5 |       |       |       |       |       ||     5
       Petrified         |       |       |       |       |       |     2 |       |       |       ||     2
       Sleeping          |       |       |       |       |       |     1 |       |       |       ||     1
       Distracted        |       |       |       |       |       |       |       |     1 |     1 ||     2
  Eat: Bread ration      |       |     1 |       |       |     1 |     2 |     2 |     2 |    13 ||    21
       Chunk             |       |     1 |    18 |    26 |    28 |    32 |    18 |    20 |    42 ||   185
       Beef jerky        |       |       |       |     1 |     1 |     2 |     4 |     1 |       ||     9
       Fruit             |       |       |       |       |     6 |       |     1 |       |       ||     7
       Royal jelly       |       |       |       |       |     1 |       |       |       |     2 ||     3
       Pizza             |       |       |       |       |       |     1 |     1 |       |       ||     2
       Meat ration       |       |       |       |       |       |       |       |       |    10 ||    10
Armor: Scale mail        |    40 |    41 |   166 |   134 |       |       |       |       |       ||   381
       Skin              |       |       |    13 |       |       |       |       |       |       ||    13
       Chain mail        |       |       |       |   126 |   583 |   574 |   190 |       |       ||  1473
       Crystal plate arm |       |       |       |       |       |       |    62 |   428 |  1538 ||  2028
       Plate armour      |       |       |       |       |       |       |       |       |   107 ||   107
Dodge: Dodged            |    34 |    36 |   178 |   205 |   265 |   284 |   175 |   158 |  1221 ||  2556
Block: Shield            |    57 |    45 |   283 |   475 |   810 |   888 |   376 |       |       ||  2934
       Large shield      |       |       |       |       |       |       |   454 |   937 |  6580 ||  7971
       Reflection        |       |       |       |       |       |       |   105 |    96 |   145 ||   346
